 Dungeon Sprint DCSS version 0.28-a0-476-g0f06bd746f (webtiles) character file.

Game seed: 18118491301511617009

563 dduke234 the Fighter (level 7, -2/73 HPs)
             Began as a Minotaur Fighter on Sept 16, 2021.
             Was an Initiate of Makhleb.
             Succumbed to an orange demon's poison
             ... in the Dungeon (Sprint I: "Red Sonja").
             The game lasted 00:02:43 (330 turns).

dduke234 the Fighter (Minotaur Fighter)              Turns: 330, Time: 00:02:44

Health: -2/73      AC:  8    Str: 23      XL:     7   Next: 10%
Magic:  6/6        EV: 10    Int:  3 (5)  God:    Makhleb [......]
Gold:   305        SH:  6    Dex:  9      Spells: 6/6 levels left

rFire   . . .      SeeInvis .   a - +0 long sword
rCold   . . .      Faith    .   c - +0 buckler
rNeg    . . .      Spirit   .   b - +0 scale mail
rPois   .          Reflect  .   (helmet restricted)
rElec   .          Harm     .   (no cloak)
rCorr   .          Rampage  .   (no gloves)
Will    .....      NoTele   +   (no boots)
Stlth   ..........              (no amulet)
HPRegen 0.22/turn               (no ring)
MPRegen 0.10/turn               (no ring)

@: lethally poisoned (-2 -> -41)
A: horns 2, retaliatory headbutt
a: Renounce Religion


You were in the Dungeon.
You worshipped Makhleb.
Makhleb was noncommittal.
You visited 1 branch You collected 305 gold pieces.

Inventory:

Hand Weapons
 a - a +0 long sword (weapon)
Armour
 b - a +0 scale mail (worn)
 c - a +0 buckler (worn)
Scrolls
 j - a scroll of blinking
Potions
 e - a potion of curing
 f - a potion of heal wounds
 h - 2 potions of magic


   Skills:
 * Level 10.4 Fighting
 * Level 8.3 Long Blades
 * Level 10.2 Armour
 * Level 9.8 Shields


You had 6 spell levels left.
You didn't know any spells.
Your spell library was empty.

Dungeon Overview and Level Annotations

Branches:
Dungeon (1/1)

Altars:
Makhleb
Sif Muna
Vehumet
Wu Jian
Xom
Jiyva
Lugonu


Innate Abilities, Weirdness & Mutations

You have a pair of horns on your head.
You reflexively headbutt those who attack you in melee.


Message History

You slash the kobold demonologist!
The kobold demonologist is moderately wounded.
You feel very sick.
The kobold demonologist mumbles some strange words.
You feel sick. You block the ufetubus's attack. The ufetubus hits you.
The orange demon barely misses you.
The kobold demonologist casts a spell.
You block the kobold demonologist's attack.
There is an open door, spattered with blood here.
You slice the shadow imp!!
You kill the shadow imp!
The shadow imp disappears in a puff of smoke!
You feel very sick.
The orange demon stings you but does no damage.
The kobold demonologist hits you but does no damage.
The kobold demonologist hits you with a +0 dagger.
You completely miss the kobold demonologist.
You feel sick. The orange demon stings you from afar!
* * * LOW HITPOINT WARNING * * *
You are lethally poisoned!
The orange demon poisons you! The neqoxec gestures at you.
You feel dopey. Something feeds on your intellect!
The kobold demonologist hits you but does no damage.
The kobold demonologist miscasts a cantrip.
You closely miss the shadow imp.
You headbutt the shadow imp, but do no damage.
* * * LOW HITPOINT WARNING * * *
You feel very sick. The orange demon stings you from afar!
* * * LOW HITPOINT WARNING * * *
You are more poisoned.
The orange demon poisons you! The neqoxec closely misses you.
The kobold demonologist hits you but does no damage. x2
The shadow imp hits you but does no damage.
You slice the shadow imp!!
You kill the shadow imp!
The shadow imp disappears in a puff of smoke!
You die...

#####################
.').#.)'..#__#.§@K45#
.#..'..#..'..'.K#34.#
###'#####'#__####5..+
#..# #.#### #### ####
##.#≈§§ #+#§.'§≈≈§
+..§§#§§§§ #_.#+##+##
##+#


You could see an orange demon (summoned), a rust devil (summoned), 2 kobold
demonologists, a neqoxec (summoned) and 2 ufetubi.

Vanquished Creatures
  A slime creature (D)
  Sigmund (D)
  A floating eye (D)
  An ogre (D)
  A jelly (D)
  Ijyb (D)
6 creatures vanquished.

Notes
Turn   | Place    | Note
-------+----------+-------------------------------------------
     0 | D        | dduke234 the Minotaur Fighter began the quest for the Orb.
     0 | D        | Reached XP level 1. HP: 19/19 MP: 0/0
     1 | D        | Noticed Ijyb
     4 | D        | Killed Ijyb
     5 | D        | Reached skill level 5 in Fighting
     5 | D        | Reached skill level 5 in Armour
     5 | D        | Reached skill level 5 in Shields
     5 | D        | Reached XP level 2. HP: 29/29 MP: 1/1
    10 | D        | Noticed an ogre
    16 | D        | Killed an ogre
    17 | D        | Reached XP level 3. HP: 37/39 MP: 2/2
    17 | D        | Reached XP level 4. HP: 45/47 MP: 3/3
    79 | D        | Noticed Sigmund
    90 | D        | Killed Sigmund
    91 | D        | Reached XP level 5. HP: 46/56 MP: 4/4
   103 | D        | Found an ornate altar of the Wu Jian Council.
   103 | D        | Found a shimmering blue altar of Sif Muna.
   105 | D        | Found a radiant altar of Vehumet.
   110 | D        | Reached XP level 6. HP: 52/63 MP: 5/5
   129 | D        | Found a burning altar of Makhleb.
   129 | D        | Found a viscous altar of Jiyva.
   129 | D        | Found a shimmering altar of Xom.
   129 | D        | Found a corrupted altar of Lugonu.
   129 | D        | Noticed a slime creature
   137 | D        | Killed a slime creature
   138 | D        | Reached skill level 10 in Fighting
   144 | D        | Became a worshipper of Makhleb the Destroyer
   315 | D        | Noticed a kobold demonologist
   315 | D        | Noticed a floating eye
   315 | D        | Noticed a kobold demonologist
   316 | D        | Paralysed by a floating eye for 2 turns
   318 | D        | Noticed an orange demon
   319 | D        | Noticed a neqoxec
   320 | D        | Killed a floating eye
   321 | D        | Reached skill level 10 in Armour
   321 | D        | Reached XP level 7. HP: 64/73 MP: 6/6
   326 | D        | Noticed a rust devil
   330 | D        | Succumbed to an orange demon's poison

Illustrated notes

Levels and vault maps discovered:
D:        dungeon_sprint_1 [red_sonja_temple_1, red_sonja_temple_small_1]

Skill      XL: |  1  2  3  4  5  6 |
---------------+-------------------+-----
Fighting       | 5 7 8 9 10 | 10.4
Long Blades    | 3 4 6 8 |  8.3
Armour         | 5 7 8 9 10 | 10.2
Shields        | 5 6 8 9 |  9.8

Action                   |  1- 3 |  4- 6 |  7- 9 || total
-------------------------+-------+-------+-------++-------
Melee: Long sword        |     7 |    20 |     8 ||    35
       Headbutt          |     1 |     4 |     2 ||     7
  Use: Potion            |     2 |     1 |       ||     3
Armor: Scale mail        |     1 |     4 |     9 ||    14
Dodge: Dodged            |     1 |     6 |     2 ||     9
Block: Buckler           |     1 |     2 |     4 ||     7

Table legend: (Time is in decaauts)
 A = Elapsed time spent in this place.
 B = Non-inter-level travel time spent in this place.
 C = Inter-level travel time spent in this place.
 D = Time resting spent in this place.
 E = Time spent auto-exploring this place.
 F = Levels seen in this place.
 G = Mean time per level.
                   A        B        C        D        E       F      G
               +--------+--------+--------+--------+--------+-----+--------+
         Total |    325 |    325 |      0 |      0 |    171 |   1 |  325.0 |
       Dungeon |    325 |    325 |      0 |      0 |    171 |   1 |  325.0 |
               +--------+--------+--------+--------+--------+-----+--------+

Top non-repeatable levels by time:
       D: 325 daAuts
